 Dungeon Sprint DCSS version 0.31-a0-256-g80acddb972 (webtiles) character file.

Game seed: 4827631503366346791

65563 Conn the Sorcerer (level 15, -9/129 HPs)
             Began as an Octopode Fire Elementalist on July 12, 2023.
             Was a High Priest of Sif Muna.
             Engulfed by Gloorx Vloq's foul pestilence (10 damage)
             ... in the Dungeon (Sprint II: "The Violet Keep of Menkaure") on July 13, 2023.
             The game lasted 01:57:22 (6503 turns).

Conn the Sorcerer (Octopode Fire Elementalist)      Turns: 6503, Time: 01:57:22

Health: -9/129     AC: 35    Str: 21    XL:     15   Next: 16%
Magic:  2/56       EV:  2    Int: 32    God:    Sif Muna [*****.]
Gold:   2782       SH:  0    Dex: 24    Spells: 3/61 levels left

rFire   + + +        G - staff "Cuxaec" {rElec rF+ MP+9 Str-4 Conj}
rCold   + + +        (no shield)
rNeg    . . .        h - melded +2 hat of the Bear Spirit {Spirit, Bear, *Rage Will++}
rPois   +            e
                       - Hermit's Pendant {Faith Invo=14 Evo=0 MP+5}
rElec   +            l - +4 ring of protection
rCorr   +            Q - ring of the Mage {Wiz Archmagi}
SInv    .            y - +6 ring of dexterity
Will    +....        P - +6 ring of intelligence
Stlth   ++           f - ring "Ota Pees" {Drain rCorr AC+4 Int+4 Dex+2}
HPRegen 0.41/turn    K - ring of Uluylif {Drain +Blink rF+ Str+8 Dex+6}
MPRegen 0.35/turn    O - +5 ring of evasion
                     N - ring "Atwam" {rF+ rC+++ rCorr}

%: no teleportation, faith, wizardry (x1), archmagi
@: confused, lethally poisoned (-9 -> -24), tree-form, ambrosia-drunk, calling
dragons, hasted and slowed
A: stationary, stasis, torment immunity, boosted hp, almost no armour,
(amphibious), 8 rings, (camouflage 1), (gelatinous body 1), (nimble swimmer 1),
(tentacles), strong 2
a: Renounce Religion, Evoke Blink, Channel Magic, Forget Spell, Divine Exegesis


You were in the Dungeon.
You worshipped Sif Muna.
Sif Muna was extremely pleased with you.
You were a tree.
You visited 1 branch You collected 7105 gold pieces.
You spent 4323 gold pieces at shops.

Inventory:

Hand Weapons
 d - a +0 spear
 p - the +2 Maxwell's thermic engine {flame, freeze, rev}
   (You found it in the Dungeon)
 C - a +3 short sword of speed
 F - the +8 demon blade "Leech" {evervamp, Harm Drain rN+}
   (You found it in the Dungeon)

   rN:        It protects you from negative energy.
   Drain:     It drains your maximum health when unequipped.
   Harm:      It increases damage dealt and taken.
Missiles
 D - 6 silver javelins (quivered)
 I - 9 curare-tipped darts
 U - 2 throwing nets
Armour
 h - the +2 hat of the Bear Spirit (melded) {Spirit, Bear, *Rage Will++}
   (You bought it in a shop in the Dungeon)

   Bear:      Going berserk makes the wearer exceptionally tough, and they are
   slowed for a shorter time afterward.
   *Rage:     It berserks you when you make melee attacks (+20% chance).
   Will:      It greatly increases your willpower.
Magical Staves
 G - the staff "Cuxaec" (weapon) {rElec rF+ MP+9 Str-4 Conj}
   (You found it in the Dungeon)

   [staff of conjuration]

   Base accuracy: +5 Base damage: 5 Base attack delay: 1.2 This weapon's minimum
   attack delay (0.6) is reached at skill level 12.
   Str:       It affects your strength (-4).
   rF:        It protects you from fire.
   rElec:     It insulates you from electricity.
   MP:        It affects your magic capacity (+9).
   Conj:      It increases the power of your Conjurations spells.
   It falls into the 'Staves' category.
   It is a one-tentacled weapon.
Jewellery
 e - the Hermit's Pendant (around neck) {Faith Invo=14 Evo=0 MP+5}
   (You bought it in a shop in the Dungeon)

   [amulet of faith]

   Invo=14: It sets your Invocations skill to 14.
   Evo=0: It sets your Evocations skill to 0.
   It allows you to gain divine favour quickly.
   MP:        It affects your magic capacity (+5).
 f - the ring "Ota Pees" (on tentacle) {Drain rCorr AC+4 Int+4 Dex+2}
   (You bought it in a shop in the Dungeon)

   [ring of protection]

   AC:        It affects your AC (+4).
   Int:       It affects your intelligence (+4).
   Dex:       It affects your dexterity (+2).
   rCorr:     It protects you from acid and corrosion.
   Drain:     It drains your maximum health when unequipped.
 g - a ring of poison resistance
 l - a +4 ring of protection (left branch)
 q - a ring of fire
 t - the ring of Pride {rElec rF- rC- MP+9 Slay+6}
   (You found it in the Dungeon)

   [ring of magical power]

   Slay:      It affects your accuracy & damage with ranged weapons and melee
   (+6).
   rF:        It makes you vulnerable to fire.
   rC:        It makes you vulnerable to cold.
   rElec:     It insulates you from electricity.
   MP:        It affects your magic capacity (+9).
 y - a +6 ring of dexterity (on tentacle)
 K - the ring of Uluylif (on tentacle) {Drain +Blink rF+ Str+8 Dex+6}
   (You took it off an orc priest in the Dungeon)

   [ring of dexterity]

   Str:       It affects your strength (+8).
   Dex:       It affects your dexterity (+6).
   rF:        It protects you from fire.
   +Blink:    It lets you blink.
   Drain:     It drains your maximum health when unequipped.
 L - the ring "Xadifaacargh" {Contam *Corrode rElec AC+4 Stlth+}
   (You found it in the Dungeon)

   [ring of protection]

   AC:        It affects your AC (+4).
   rElec:     It insulates you from electricity.
   Contam:    It causes magical contamination when unequipped.
   *Corrode:  It may corrode you when you take damage.
   Stlth:     It makes you more stealthy.
 M - an amulet of guardian spirit
 N - the ring "Atwam" (on tentacle) {rF+ rC+++ rCorr}
   (You bought it in a shop in the Dungeon)

   [ring of protection from fire]

   rF:        It protects you from fire.
   rC:        It renders you almost immune to cold.
   rCorr:     It protects you from acid and corrosion.
 O - a +5 ring of evasion (on tentacle)
 P - a +6 ring of intelligence (on tentacle)
 Q - the ring of the Mage (right branch) {Wiz Archmagi}
   (You bought it in a shop in the Dungeon)

   [ring of wizardry]

   It improves your spell success rate.
   Archmagi:  It increases the power of your magical spells.
 T - a ring of positive energy
Talismans
 s - a beast talisman
 A - a dragon-blood talisman
 B - a beast talisman
 E - a dragon-blood talisman
Wands
 r - a wand of paralysis (7)
 H - a wand of acid (7)
 J - a wand of iceblast (17)
Scrolls
 j - 2 scrolls of silence
 m - 2 scrolls of immolation
 o - a scroll of fog
 w - a scroll of torment
 x - a scroll of fear
 S - a scroll of poison
Potions
 a - 10 potions of magic
 i - 7 potions of haste
 n - 2 potions of lignification
 u - a potion of berserk rage
 v - 11 potions of enlightenment
 z - 35 potions of mutation
 R - 2 potions of cancellation
Miscellaneous
 k - a tin of tremorstones (2/2)


   Skills:
 + Level 2.6 Fighting
 + Level 0.9 Polearms
 + Level 0.4 Throwing
 + Level 9.0 Dodging
 - Level 8.5 Stealth
 + Level 23.7 Spellcasting
 * Level 17.7 Conjurations
 + Level 6.9 Hexes
 + Level 7.6 Summonings
 + Level 5.0 Translocations
 - Level 4.5 Transmutations
 + Level 22.0 Fire Magic
 + Level 8.5 Ice Magic
 + Level 1.8 Air Magic
 + Level 4.1 Poison Magic
 + Level 7.6(14.0) Invocations


You had 3 spell levels left.
You knew the following spells:

 Your Spells              Type           Power      Damage    Failure   Level
a - Foxfire               Conj/Fire      100%       2x1d9     0%          1
b - Scorch                Fire           100%       2d9       0%          2
c - Fire Storm            Conj/Fire      76%        8d19      9%          9
d - Flame Wave            Conj/Fire      100%       2d21      0%          4
e - Hailstorm             Conj/Ice       100%       3d20      0%          3
f - Blink                 Tloc           100%       N/A       1%          2
g - Starburst             Conj/Fire      76%        6d20      1%          6
h - Ignition              Fire           66%        3d18      1%          8
i - Iskenderun's Mystic   Conj/Tloc      100%       2d19      1%          4
j - Orb of Destruction    Conj           74%        9d17      1%          7
k - Summon Guardian Gole  Hex/Summ       91%        N/A       1%          3
l - Ozocubu's Armour      Ice            95%        N/A       1%          3
m - Mephitic Cloud        Conj/Pois/Air  100%       N/A       1%          3
n - Stone Arrow           Conj/Erth      100%       3d13      1%          3

Your spell library contained the following spells:

 Spells                   Type           Power      Damage    Failure   Level
 Freeze                   Ice            100%       1d10      0%          1
 Kiss of Death            Conj/Necr      100%       2d13      0%          1
 Magic Dart               Conj           100%       1d8       0%          1
 Shock                    Conj/Air       100%       1d9       0%          1
 Momentum Strike          Conj/Tloc      100%       3d10      0%          2
 Searing Ray              Conj           100%       2d8       0%          2
 Static Discharge         Conj/Air       100%       2-7/arc   0%          2
 Dazzling Flash           Conj/Hex       100%       N/A       0%          3
 Inner Flame              Hex/Fire       100%       N/A       0%          3
 Volatile Blastmotes      Fire/Tloc      100%       2d18      0%          3
 Apportation              Tloc           100%       N/A       1%          1
 Necrotise                Necr           100%       1d9       1%          1
 Sandblast                Erth           100%       2d20      1%          1
 Slow                     Hex            100%       N/A       1%          1
 Sting                    Tmut/Pois      100%       1d8       1%          1
 Summon Small Mammal      Summ           100%       N/A       1%          1
 Call Imp                 Summ           100%       N/A       1%          2
 Cigotuvi's Dreadful Rot  Necr/Pois/Air  100%       N/A       1%          2
 Ensorcelled Hibernation  Hex/Ice        100%       N/A       1%          2
 Passwall                 Tmut/Erth      56%        N/A       1%          2
 Poisonous Vapours        Pois/Air       100%       N/A       1%          2
 Sublimation of Blood     Necr           54%        N/A       1%          2
 Wereblood                Tmut           79%        N/A       1%          2
 Call Canine Familiar     Summ           92%        N/A       1%          3
 Confusing Touch          Hex            89%        N/A       1%          3
 Frozen Ramparts          Ice            100%       1d16      1%          3
 Ignite Poison            Fire/Tmut/Pois 100%       N/A       1%          3
 Portal Projectile        Hex/Tloc       100%       N/A       1%          3
 Swiftness                Air            65%        N/A       1%          3
 Teleport Other           Tloc           81%        N/A       1%          3
 Tukima's Dance           Hex            89%        N/A       1%          3
 Vampiric Draining        Necr           54%        2d9       1%          3
 Vhi's Electric Charge    Tloc/Air       100%       N/A       1%          3
 Sticky Flame             Conj/Fire      100%       2d11      0%          4
 Fireball                 Conj/Fire      76%        3d28      0%          5
 Iskenderun's Battlesphe  Conj           100%       2d15      0%          5
 Airstrike                Air            32%        2d(5-21)  1%          4
 Cause Fear               Hex            44%        N/A       1%          4
 Fulminant Prism          Conj/Hex       66%        3d28      1%          4
 Leda's Liquefaction      Hex/Erth       37%        N/A       1%          4
 Manifold Assault         Tloc           81%        N/A       1%          4
 Olgreb's Toxic Radiance  Pois           77%        N/A       1%          4
 Petrify                  Tmut/Erth      68%        N/A       1%          4
 Summon Ice Beast         Ice/Summ       94%        N/A       1%          4
 Summon Lightning Spire   Summ/Air       80%        N/A       1%          4
 Alistair's Intoxication  Tmut/Pois      52%        N/A       1%          5
 Arcjolt                  Conj/Air       61%        1d71      1%          5
 Freezing Cloud           Conj/Ice/Air   60%        6-21      1%          5
 Irradiate                Conj/Tmut      64%        3d33      1%          5
 Metabolic Englaciation   Hex/Ice        46%        N/A       1%          5
 Silence                  Hex/Air        39%        N/A       1%          5
 Summon Forest            Summ/Tloc      43%        N/A       1%          5
 Summon Mana Viper        Hex/Summ       91%        N/A       1%          5
 Yara's Violent Unravell  Hex/Tmut       42%        3d17      1%          5
 Conjure Ball Lightning   Conj/Air       61%        3x3d22    1%          6
 Leda's Unmaking          Conj/Erth      59%        9d10      1%          6
 Plasma Beam              Fire/Air       53%        2x1d68    1%          6
 Summon Cactus Giant      Summ           46%        N/A       1%          6
 Spellforged Servitor     Conj/Summ      66%        N/A       1%          7
 Animate Dead             Necr           54%        N/A       3%          4
 Eringya's Noxious Bog    Tmut/Pois      39%        4d6       8%          6
 Ozocubu's Refrigeration  Ice            47%        4d18      8%          7
 Agony                    Necr           54%        N/A       9%          5
 Borgnjor's Vile Clutch   Necr/Erth      27%        N/A       9%          5
 Simulacrum               Ice/Necr       39%        N/A       9%          6
 Monstrous Menagerie      Summ           46%        N/A       12%         7
 Summon Hydra             Summ           46%        N/A       12%         7
 Enfeeble                 Hex            44%        N/A       16%         7
 Malign Gateway           Summ/Tloc      43%        N/A       19%         7
 Death Channel            Necr           27%        N/A       41%         6
 Haunt                    Necr/Summ      38%        N/A       45%         7
 Lehudib's Crystal Spear  Conj/Erth      59%        10d14     45%         8
 Summon Horrible Things   Summ           46%        N/A       61%         8
 Discord                  Hex            44%        N/A       71%         8
 Chain Lightning          Conj/Air       61%        3d82      99%         9
 Borgnjor's Revivificati  Necr           27%        N/A       100%        8
 Infestation              Necr           27%        N/A       100%        8
 Death's Door             Necr           27%        N/A       100%        9
 Dragon's Call            Summ           46%        N/A       100%        9
 Shatter                  Erth           27%        3d23*     100%        9


Dungeon Overview and Level Annotations

Branches:
Dungeon (1/1)

Altars:
Cheibriados
Dithmenos
Elyvilon
Fedhas
Gozag
Hepliaklqana
Kikubaaqudgha
Makhleb
Nemelex Xobeh
Okawaru
Qazlal
Ru
Sif Muna
Trog
Uskayaw
Vehumet
Wu Jian
Xom
Yredelemnul
Zin
The Shining One
Jiyva
Lugonu

Shops:
D :?:*((*=*[[:[=[=:*?[=!=?=[!((!(*:(*(

Annotations:
D Gloorx Vloq


Innate Abilities, Weirdness & Mutations

You are a tree.
Your roots penetrate the ground, keeping you stationary.
You cannot be teleported.
You are immune to unholy pain and torment.
Your maximum health is greatly increased.
You cannot wear most types of armour.
((You are amphibious.))
You can wear up to eight rings at the same time.
((Your skin changes colour to match your surroundings (Stealth+).))
((Your rubbery body absorbs attacks. (AC +1, EV +1)))
((You are camouflaged when in or above water. (Stealth+)))
((You have tentacles for arms and can constrict up to eight enemies at once.))
Your muscles are very strong. (Str +8, Int/Dex -2)


Message History

Your quicksilver dragon is almost dead.
Your quicksilver dragon disappears in a puff of smoke!
You feel very sick.
Gloorx Vloq is engulfed in blazing flames.
Gloorx Vloq moans, "I will devour thy heart!"
Gloorx Vloq gestures at you. The foul vapour engulfs you!!
You are more poisoned.
You feel as though you will be slow longer.
* * * LOW HITPOINT WARNING * * *
Gloorx Vloq is engulfed in blazing flames.
The royal mummy is engulfed in blazing flames.
Your Translocations skill increases to level 5!
Your Fire Magic skill increases to level 22!
Unknown command.
Okay, then.
Okay, then.
Okay, then.
Unknown command.
Unknown command.
Casting: Fire Storm (dangerous; 9% risk of failure)
Confirm with . or Enter, or press ? or * to list all spells.
Okay, then.
Unknown command.
Okay, then.
You feel better.
You are engulfed in dark miasma.
* * * LOW HITPOINT WARNING * * *
A dragon tries to answer your call, but you don't have enough magical power! x2
Gloorx Vloq is engulfed in blazing flames.
The royal mummy points at you and mumbles some strange words.
Something smites you!
* * * LOW HITPOINT WARNING * * *
Okay, then.
Okay, then.
Unknown command.
Unknown command.
You are confused.
You feel invigorated.
You are engulfed in dark miasma.
You are lethally poisoned!
You die...

##### |.})#
▓▓▓▓▓▓▓▓▓▓▓▓▓▓▓▓▓▓▓▓▓▓▓▓▓▓▓
...[##▓.○z○M°§○&♣°°°♣............
..†..(▓.○v.z▓☼○°▓°♣♣^.........[..
.††...▓...,,▓v▓▓▓°°°.............
....#'▓▓*,,,▓...▓°..............^
†)..#..▓▓▓+▓▓▓▓.▓................
#''##...+°°°▓0..▓.....▓▓▓▓▓▓▓▓▓▓'
§...###.#○..▓▓▓▓▓▓▓▓▓▓▓▓▓▓▓▓▓....
≈.....#.#..°▓§≈≈≈≈≈≈≈▓▓▓....▓.'''
##....#.##)°▓▓▓▓▓▓▓▓▓▓▓▓'▓▓.▓.'≈.


You could see Gloorx Vloq, a royal mummy, a curse toe and 2 friendly fire
vortices.

Vanquished Creatures
  the Lernaean hydra (D)
  2 golden dragons (D)
  Nikola (D)
  A bone dragon (D)
  An electric golem (D)
  A hellephant (D)
  A deep elf blademaster (D)
  A deep elf master archer (D)
  Murray (D)
  2 sphinxes (D)
  3 quicksilver dragons (D)
  A kraken (D)
  2 storm dragons (D)
  Gastronok (D)
  Kirke (D)
  A frost giant (D)
  A draconian shifter (D)
  A cacodemon (D)
  A vampire knight (D)
  3 lorocyprocas (D)
  Nessos (D)
  A dire elephant (D)
  An iron golem (D)
  A crystal guardian (D)
  A yaktaur captain (D)
  A deep elf high priest (D)
  A great orb of eyes (D)
  An ice dragon (D)
  A centaur warrior (D)
  A death yak (D)
  2 hell hogs (D)
  Sonja (D)
  A skeletal warrior (D)
  3 sixfirhies (D)
  2 death drakes (D)
  2 deep trolls (D)
  A glowing orange brain (D)
  An orange crystal statue (D)
  A harpy (D)
  15 shining eyes (D)
  3 orc sorcerers (D)
  An oklob plant (D)
  An elephant (D)
  3 manticores (D)
  A merfolk siren (D)
  2 slime creatures (D)
  3 toenail golems (D)
  An eye of devastation (D)
  An ice statue (D)
  2 unseen horrors (D)
  2 cane toads (D)
  A kobold demonologist (D)
  A yaktaur (D)
  5 polar bears (D)
  A hornet (D)
  18 flying skulls (D)
  5 wyverns (D)
  3 yaks (D)
  2 redbacks (D)
  A neqoxec (D)
  7 water moccasins (D)
  10 floating eyes (D)
  A swamp drake (D)
  3 black bears (D)
  5 necrophages (D)
  2 earth elementals (D)
  A scorpion (D)
  9 electric eels (D)
  4 lava snakes (D)
  4 orc priests (D)
  A jelly (D)
  An iron imp (D)
  3 worms (D)
  A spectral ball python (D)
  A spectral jackal (D)
  2 ballistomycete spores (D)
178 creatures vanquished.

Vanquished Creatures (collateral kills)
  A golden eye (D)
1 creature vanquished.

Vanquished Creatures (others)
  3 neqoxecs (D)
  Menkaure (D)
  A water moccasin (D)
  A swamp drake (D)
  2 fire vortices (D)
  96 foxfires (D)
  4 tentacles (D)
108 creatures vanquished.

Grand Total: 287 creatures vanquished

Notes
Turn   | Place    | Note
-------+----------+-------------------------------------------
     0 | D        | Conn the Octopode Fire Elementalist began the quest for the
                  | Orb.
     0 | D        | Reached XP level 1. HP: 11/11 MP: 3/3
     1 | D        | Noticed a merfolk siren
     4 | D        | Noticed a neqoxec
     7 | D        | Gained mutation: You are weak. (Str -2) [a neqoxec]
    10 | D        | Killed a neqoxec
    11 | D        | Reached skill level 4 in Spellcasting
    11 | D        | Reached XP level 2. HP: 17/17 MP: 4/7
    11 | D        | Reached XP level 3. HP: 21/21 MP: 4/8
    11 | D        | Reached XP level 4. HP: 27/27 MP: 5/10
    11 | D        | Reached XP level 5. HP: 31/31 MP: 5/11
    44 | D        | Killed a neqoxec
    45 | D        | Learned a level 2 spell: Scorch
    49 | D        | Learned a level 3 spell: Inner Flame
    54 | D        | Learned a level 4 spell: Flame Wave
    61 | D        | Reached skill level 5 in Stealth
    63 | D        | Reached skill level 5 in Spellcasting
    63 | D        | Reached XP level 6. HP: 36/36 MP: 2/14
    63 | D        | Killed Menkaure
    68 | D        | Killed a neqoxec
    69 | D        | Reached skill level 10 in Fire Magic
    72 | D        | Reached skill level 5 in Dodging
    72 | D        | Reached skill level 6 in Spellcasting
    89 | D        | Killed a merfolk siren
    90 | D        | Reached skill level 7 in Spellcasting
    90 | D        | Reached XP level 7. HP: 21/41 MP: 2/18
    90 | D        | Killed a neqoxec
   121 | D        | Noticed an ice statue
   134 | D        | Found Ycvy's Antique Weapon Shop.
   134 | D        | Found Iblom's Antique Weapon Boutique.
   134 | D        | Found Hunlequ's Distillery.
   135 | D        | Found Maod's Jewellery Shop.
   135 | D        | Found Qoipp's Antique Armour Shop.
   135 | D        | Found Dicvuir's Distillery.
   136 | D        | Found Xomm's Antique Armour Shop.
   136 | D        | Found Qax Ety's Jewellery Boutique.
   136 | D        | Found Mudabuabrerr's Magic Scroll Boutique.
   136 | D        | Found Umuuthe's Distillery.
   137 | D        | Found Ikhlopoe's Jewellery Boutique.
   137 | D        | Found Come's Antique Armour Boutique.
   138 | D        | Found Owyt's Book Shop.
   138 | D        | Found Ratzo's Armour Boutique.
   138 | D        | Noticed a polar bear
   142 | D        | Noticed a polar bear
   142 | D        | Noticed an oklob plant
   174 | D        | Noticed an orange crystal statue
   189 | D        | Reached skill level 8 in Spellcasting
   216 | D        | Found Tuotzywk's Book Shoppe.
   218 | D        | Noticed a shining eye
   219 | D        | Noticed a shining eye
   220 | D        | Noticed a shining eye
   235 | D        | Bought the Hermit's Pendant {Faith Invo=14 Evo=0 MP+5} for
                  | 575 gold pieces
   235 | D        | Found the Hermit's Pendant {Faith Invo=14 Evo=0 MP+5}
   246 | D        | Bought a potion of lignification for 30 gold pieces
   257 | D        | Bought the +2 hat of the Bear Spirit {Spirit, Bear, *Rage
                  | Will++} for 349 gold pieces
   257 | D        | Found the +2 hat of the Bear Spirit {Spirit, Bear, *Rage
                  | Will++}
   286 | D        | Found an iron altar of Okawaru.
   286 | D        | Found a radiant altar of Vehumet.
   286 | D        | Found a glowing silver altar of Zin.
   287 | D        | Found a sparkling altar of Nemelex Xobeh.
   287 | D        | Found a hide-covered altar of Uskayaw.
   287 | D        | Found a basalt altar of Yredelemnul.
   288 | D        | Found an opulent altar of Gozag.
   288 | D        | Found a burning altar of Makhleb.
   288 | D        | Found a bloodstained altar of Trog.
   288 | D        | Found a shimmering altar of Xom.
   289 | D        | Found a blossoming altar of Fedhas.
   289 | D        | Found a corrupted altar of Lugonu.
   289 | D        | Found a shimmering blue altar of Sif Muna.
   290 | D        | Found a white marble altar of Elyvilon.
   290 | D        | Found an ancient bone altar of Kikubaaqudgha.
   290 | D        | Found a sacrificial altar of Ru.
   291 | D        | Found a shadowy altar of Dithmenos.
   291 | D        | Found a viscous altar of Jiyva.
   292 | D        | Found a snail-covered altar of Cheibriados.
   294 | D        | Found a hazy altar of Hepliaklqana.
   294 | D        | Noticed a hornet
   294 | D        | Noticed a polar bear
   295 | D        | Found a glowing golden altar of the Shining One.
   295 | D        | Found an ornate altar of the Wu Jian Council.
   295 | D        | Found a stormy altar of Qazlal.
   295 | D        | Noticed a yaktaur
   301 | D        | Became a worshipper of Sif Muna the Loreminder
   309 | D        | Killed a polar bear
   310 | D        | Reached XP level 8. HP: 36/46 MP: 6/20
   311 | D        | Noticed a flying skull
   311 | D        | Noticed a flying skull
   418 | D        | Noticed a polar bear
   425 | D        | Noticed a kraken
   714 | D        | Killed a yaktaur
   714 | D        | Reached * piety under Sif Muna
   715 | D        | Reached skill level 9 in Spellcasting
   721 | D        | Killed a kraken
   722 | D        | Reached skill level 1 in Fighting
   722 | D        | Reached skill level 11 in Spellcasting
   722 | D        | Reached skill level 5 in Conjurations
   722 | D        | Reached XP level 9. HP: 37/53 MP: 13/24
   738 | D        | Killed a hornet
   739 | D        | Reached skill level 12 in Spellcasting
   761 | D        | Reached ** piety under Sif Muna
   804 | D        | Noticed a deep troll
   804 | D        | Noticed a deep troll
   813 | D        | Killed a deep troll
   813 | D        | Reached *** piety under Sif Muna
   814 | D        | Reached skill level 13 in Spellcasting
   814 | D        | Reached XP level 10. HP: 58/58 MP: 7/27
  1033 | D        | Killed a deep troll
  1075 | D        | Learned a level 4 spell: Olgreb's Toxic Radiance
  1124 | D        | Reached **** piety under Sif Muna
  1125 | D        | Reached skill level 15 in Fire Magic
  1125 | D        | Reached skill level 1 in Poison Magic
  1180 | D        | Noticed a death drake
  1188 | D        | Reached skill level 14 in Spellcasting
  1301 | D        | Killed a death drake
  1547 | D        | Bought a ring of poison resistance for 200 gold pieces
  1557 | D        | Bought a potion of lignification for 39 gold pieces
  1570 | D        | Bought a potion of heal wounds for 50 gold pieces
  1598 | D        | Noticed a death drake
  1651 | D        | Reached ***** piety under Sif Muna
  1654 | D        | Received a gift from Sif Muna
  1662 | D        | Got Sif Muna's Anthology of the Bonfire {god gift}
  1669 | D        | Learned a level 5 spell: Fireball
  1676 | D        | Learned a level 6 spell: Starburst
  1685 | D        | Learned a level 8 spell: Ignition
  1830 | D        | Noticed a sixfirhy
  1833 | D        | Noticed a sixfirhy
  1837 | D        | Noticed a sixfirhy
  1844 | D        | Found Puomyrphu's Book Shoppe.
  1845 | D        | Found Ycwaniajia's Antique Weapon Boutique.
  1891 | D        | Killed a sixfirhy
  1891 | D        | Killed a sixfirhy
  1892 | D        | Reached skill level 15 in Spellcasting
  1892 | D        | Killed a sixfirhy
  1892 | D        | Received a gift from Sif Muna
  1893 | D        | Reached XP level 11. HP: 31/63 MP: 0/30
  1893 | D        | Got Sif Muna's Elucidation of the Singed Volley {god gift}
  1899 | D        | Learned a level 4 spell: Iskenderun's Mystic Blast
  2055 | D        | Noticed Gastronok
  2066 | D        | Killed Gastronok
  2067 | D        | Reached skill level 16 in Spellcasting
  2067 | D        | Reached skill level 1 in Hexes
  2145 | D        | Learned a level 5 spell: Irradiate
  2145 | D        | Noticed a dire elephant
  2145 | D        | Noticed an orc sorcerer
  2145 | D        | Noticed an orc sorcerer
  2145 | D        | Noticed an orc sorcerer
  2147 | D        | Killed an orc sorcerer
  2148 | D        | Reached skill level 1 in Transmutations
  2148 | D        | Killed an orc sorcerer
  2148 | D        | Killed an orc sorcerer
  2150 | D        | Killed a dire elephant
  2153 | D        | Found the +8 demon blade "Leech" {evervamp, Harm Drain rN+}
  2154 | D        | Found the +2 Maxwell's thermic engine {flame, freeze, rev}
  2174 | D        | Identified the ring of Pride {rElec rF- rC- MP+9 Slay+6}
  2206 | D        | Identified the staff "Cuxaec" {rElec rF+ MP+9 Str-4 Conj}
  2221 | D        | Upgraded the game from 0.31-a0-240-gb923e448b6 to
                  | 0.31-a0-256-g80acddb972
  2222 | D        | Lost mutation: You are weak. (Str -2) [potion of mutation]
  2222 | D        | Gained mutation: You are partially covered in iridescent
                  | scales. (AC +2) [potion of mutation]
  2222 | D        | Gained mutation: You are strong-willed. (Will+) [potion of
                  | mutation]
  2222 | D        | Gained mutation: You are dopey. (Int -2) [potion of
                  | mutation]
  2267 | D        | Reached skill level 17 in Spellcasting
  2267 | D        | Received a gift from Sif Muna
  2272 | D        | Reached ****** piety under Sif Muna
  2274 | D        | Received a gift from Sif Muna
  2278 | D        | Got Sif Muna's Almanac of the Valley and Hoarfrost {god
                  | gift}
  2278 | D        | Got Sif Muna's Anthology of the Unstable Fifth Circle {god
                  | gift}
  2301 | D        | Identified the +1 plate armour of Reason {rElec Int+2}
  2438 | D        | Learned a level 3 spell: Summon Guardian Golem
  2443 | D        | Learned a level 3 spell: Hailstorm
  2456 | D        | Noticed a crystal guardian
  2474 | D        | Killed a death drake
  2475 | D        | Reached skill level 1 in Summonings
  2475 | D        | Reached skill level 1 in Ice Magic
  2500 | D        | Bought the ring "Ota Pees" {Drain rCorr AC+4 Int+4 Dex+2}
                  | for 722 gold pieces
  2517 | D        | Bought a potion of lignification for 39 gold pieces
  2530 | D        | Noticed a centaur warrior
  2530 | D        | Noticed Kirke
  2530 | D        | Noticed a skeletal warrior
  2536 | D        | Noticed a yaktaur captain
  2540 | D        | Killed a skeletal warrior
  2540 | D        | Killed a yaktaur captain
  2540 | D        | Received a gift from Sif Muna
  2541 | D        | Reached XP level 12. HP: 69/69 MP: 22/33
  2541 | D        | Noticed a bone dragon
  2545 | D        | Noticed a cacodemon
  2550 | D        | Killed Kirke
  2551 | D        | Reached skill level 18 in Spellcasting
  2552 | D        | Noticed a storm dragon
  2560 | D        | Noticed a frost giant
  2565 | D        | Killed a centaur warrior
  2566 | D        | Reached skill level 1 in Invocations
  2569 | D        | Killed a storm dragon
  2569 | D        | Received a gift from Sif Muna
  2569 | D        | Noticed a golden dragon
  2570 | D        | Reached skill level 1 in Translocations
  2570 | D        | Reached skill level 5 in Ice Magic
  2572 | D        | Killed a frost giant
  2572 | D        | Killed a cacodemon
  2573 | D        | Reached skill level 5 in Summonings
  2582 | D        | Killed a golden dragon
  2583 | D        | Reached skill level 10 in Conjurations
  2585 | D        | Killed a bone dragon
  2586 | D        | Reached skill level 5 in Hexes
  2767 | D        | Got Sif Muna's Teachings on Rotting Ceraunoscopy {god gift}
  2772 | D        | Learned a level 3 spell: Ozocubu's Armour
  2836 | D        | Noticed a deep elf high priest
  2839 | D        | Killed a deep elf high priest
  2839 | D        | Received a gift from Sif Muna
  2840 | D        | Reached XP level 13. HP: 51/75 MP: 27/35
  2840 | D        | Got Sif Muna's Lectures on the Ensnaring Legion {god gift}
  2858 | D        | Got Zisooff's Papyrus of Sinister Destruction {god gift}
  2904 | D        | Reached skill level 19 in Spellcasting
  2951 | D        | Noticed a great orb of eyes
  2956 | D        | Killed a great orb of eyes
  2958 | D        | Received a gift from Sif Muna
  2959 | D        | Reached skill level 5 in Invocations
  2960 | D        | Got Sif Muna's Almanac of Guile {god gift}
  2966 | D        | Learned a level 3 spell: Mephitic Cloud
  3016 | D        | Found Teil's Book Emporium.
  3016 | D        | Found Vaegahumm's Weapon Shop.
  3016 | D        | Found Saecovy's Magic Scroll Shop.
  3016 | D        | Found Kaegeoph's Antique Weapon Shoppe.
  3016 | D        | Found Xukhuice's Antique Armour Boutique.
  3017 | D        | Found Fotoerir's General Store.
  3017 | D        | Found Vuroff's Armour Boutique.
  3017 | D        | Found Eqaneari's Book Emporium.
  3017 | D        | Found Vaqepor's Jewellery Shop.
  3017 | D        | Found Suesyic's Jewellery Emporium.
  3017 | D        | Found Lotzeuce's Assorted Antiques.
  3017 | D        | Found Ecriqem's Magic Scroll Shoppe.
  3029 | D        | Bought an Inescapable Atlas for 208 gold pieces
  3033 | D        | Learned a level 2 spell: Blink
  3037 | D        | Learned a level 3 spell: Stone Arrow
  3137 | D        | Noticed Nikola
  3140 | D        | Noticed the 27-headed Lernaean hydra
  3154 | D        | Received a gift from Sif Muna
  3155 | D        | Got Sif Muna's Parchment of the Entrancing Blizzard {god
                  | gift}
  3236 | D        | Received a gift from Sif Muna
  3409 | D        | Killed Nikola
  3419 | D        | Received a gift from Sif Muna
  3429 | D        | Got Sif Muna's Codex of Generative Fulmination {god gift}
  3450 | D        | Killed the 27-headed Lernaean hydra
  3451 | D        | Reached skill level 20 in Spellcasting
  3451 | D        | Reached skill level 1 in Air Magic
  3560 | D        | Identified a scroll of acquirement
  3561 | D        | Acquired 905 gold pieces
  3564 | D        | Found Garoownouh's General Store.
  3586 | D        | Identified the ring of Uluylif {Drain +Blink rF+ Str+8
                  | Dex+6}
  3615 | D        | Identified the ring "Xadifaacargh" {Contam *Corrode rElec
                  | AC+4 Stlth+}
  3735 | D        | Bought the ring "Atwam" {rF+ rC+++ rCorr} for 1016 gold
                  | pieces
  3806 | D        | Noticed a golden dragon
  3810 | D        | Killed a golden dragon
  3897 | D        | Found Jineifot's Antique Weapon Boutique.
  3897 | D        | Found Heafegyo's Assorted Antiques.
  3897 | D        | Found Zeodd's Antique Weapon Shop.
  3897 | D        | Found Volijik's Assorted Antiques.
  3897 | D        | Noticed a storm dragon
  3899 | D        | Killed a storm dragon
  3899 | D        | Received a gift from Sif Muna
  3900 | D        | Got Dubbeir's Anthology of the Arsonist and Nephomancy {god
                  | gift}
  3906 | D        | Bought a twisted wooden ring for 130 gold pieces
  3906 | D        | Bought a peridot ring for 130 gold pieces
  3956 | D        | Bought the ring of the Mage {Wiz Archmagi} for 663 gold
                  | pieces
  3956 | D        | Found the ring of the Mage {Wiz Archmagi}
  3962 | D        | Bought 2 puce potions for 37 gold pieces
  4018 | D        | Learned a level 7 spell: Orb of Destruction
  4067 | D        | Killed a crystal guardian
  4290 | D        | Received a gift from Sif Muna
  4294 | D        | Got Moser's Discursus on Conjuration {god gift}
  4333 | D        | Noticed a deep elf master archer
  4459 | D        | Killed a deep elf master archer
  4571 | D        | Noticed an electric golem
  4593 | D        | Reached XP level 14. HP: 81/81 MP: 38/38
  4654 | D        | Killed an electric golem
  4654 | D        | Received a gift from Sif Muna
  4655 | D        | Reached skill level 21 in Spellcasting
  4655 | D        | Got Sif Muna's Folio of the Familiar and Degeneration {god
                  | gift}
  4948 | D        | Found the +8 storm bow {elec, penet}
  4951 | D        | Received a gift from Sif Muna
  4958 | D        | Reached skill level 15 in Conjurations
  4961 | D        | Received a gift from Sif Muna
  4965 | D        | Got Sif Muna's Directory of the Spicy Geodesic {god gift}
  4993 | D        | Got the Handbook of Azure Sciomancy
  5001 | D        | Got Adoil's Reference Book on Overhead Company {god gift}
  5159 | D        | Noticed a sphinx
  5159 | D        | Noticed a sphinx
  5166 | D        | Killed a sphinx
  5166 | D        | Killed a sphinx
  5256 | D        | Found Ryiliof's Jewellery Shoppe.
  5257 | D        | Found Xocs's Assorted Antiques.
  5258 | D        | Noticed Nessos
  5265 | D        | Killed Nessos
  5339 | D        | Bought a large bone ring for 135 gold pieces
  5440 | D        | Received a gift from Sif Muna
  5441 | D        | Got Sif Muna's Opusculum on Red-Hot Malignant Arts {god
                  | gift}
  5480 | D        | Noticed a deep elf blademaster
  5492 | D        | Killed a deep elf blademaster
  5493 | D        | Reached skill level 22 in Spellcasting
  5602 | D        | Received a gift from Sif Muna
  5603 | D        | Got Sif Muna's Spellbook of Flinty Malediction {god gift}
  5657 | D        | Noticed a hellephant
  5657 | D        | Noticed a purple draconian shifter
  5658 | D        | Noticed Sonja
  5660 | D        | Killed Sonja
  5662 | D        | Killed a hellephant
  5663 | D        | Killed a purple draconian shifter
  5814 | D        | Received a gift from Sif Muna
  5814 | D        | Received a gift from Sif Muna
  5815 | D        | Reached skill level 23 in Spellcasting
  5815 | D        | Received a gift from Sif Muna
  5816 | D        | Got Raikiut's Secrets of Shadows and Toxicity {god gift}
  5816 | D        | Got Sif Muna's Enchiridion on Evolving Incandescence {god
                  | gift}
  5816 | D        | Got Sif Muna's Incunable of Bodies {god gift}
  5850 | D        | Lost mutation: You are partially covered in iridescent
                  | scales. (AC +2) [potion of mutation]
  5850 | D        | Lost mutation: You are strong-willed. (Will+) [potion of
                  | mutation]
  5850 | D        | Lost mutation: You are dopey. (Int -2) [potion of mutation]
  5850 | D        | Gained mutation: You are covered in fur. (AC +1) [potion of
                  | mutation]
  5850 | D        | Gained mutation: You are dopey. (Int -2) [potion of
                  | mutation]
  5850 | D        | Gained mutation: Your magical capacity is low. (-10% MP)
                  | [potion of mutation]
  5850 | D        | Gained mutation: You are partially covered in iridescent
                  | scales. (AC +2) [potion of mutation]
  5851 | D        | Lost mutation: You are partially covered in iridescent
                  | scales. (AC +2) [potion of mutation]
  5851 | D        | Lost mutation: You are covered in fur. (AC +1) [potion of
                  | mutation]
  5851 | D        | Gained mutation: You are partially covered in iridescent
                  | scales. (AC +2) [potion of mutation]
  5851 | D        | Gained mutation: Your muscles are strong. (Str +4, Int/Dex
                  | -1) [potion of mutation]
  5852 | D        | Lost mutation: You are dopey. (Int -2) [potion of mutation]
  5852 | D        | Lost mutation: Your magical capacity is low. (-10% MP)
                  | [potion of mutation]
  5852 | D        | Lost mutation: You are partially covered in iridescent
                  | scales. (AC +2) [potion of mutation]
  5852 | D        | Gained mutation: Your muscles are very strong. (Str +8,
                  | Int/Dex -2) [potion of mutation]
  5873 | D        | Learned a level 9 spell: Fire Storm
  5889 | D        | Noticed a quicksilver dragon
  5891 | D        | Killed a quicksilver dragon
  5894 | D        | Killed a lorocyproca
  6114 | D        | Noticed a quicksilver dragon
  6116 | D        | Killed a lorocyproca
  6117 | D        | Killed a lorocyproca
  6117 | D        | Received a gift from Sif Muna
  6118 | D        | Reached XP level 15. HP: 86/86 MP: 5/42
  6119 | D        | Killed a quicksilver dragon
  6314 | D        | Noticed a quicksilver dragon
  6318 | D        | Killed a quicksilver dragon
  6378 | D        | Noticed Murray
  6399 | D        | Killed Murray
  6491 | D        | Noticed Gloorx Vloq
  6492 | D        | Noticed a curse toe
  6499 | D        | Noticed a royal mummy
  6501 | D        | Received a gift from Sif Muna
  6502 | D        | Reached skill level 5 in Translocations
  6502 | D        | HP: 1/129 [royal mummy/divine providence (14)]
  6503 | D        | Engulfed by Gloorx Vloq's foul pestilence

Illustrated notes

Levels and vault maps discovered:
D:        the_violet_keep_of_menkaure [sprint2_stairs_cluster_1,
          sprint2_shoproom, sprint2_temple, sprint2_basic_supplies,
          sprint2_obstacle_4, sprint2_obstacle_7, sprint2_obstacle_2,
          sprint2_obstacle_5, sprint2_obstacle_1, sprint2_timed_cluster_1,
          sprint2_smallroom_cluster_1, sprint2_smallroom_final_cluster_1,
          sprint2_transparent_cluster_1, sprint2_second_timed_cluster_1,
          sprint2_sniper_area_1, sprint2_heavy_combat_area_1,
          sprint2_mutation_trap_area_1, sprint2_forest_area_1,
          sprint2_light_combat_area_1, sprint2_behind_water_1,
          sprint2_near_end_vault_1]

Skill      XL: |  1  2  3  4  5  6  7  8  9 10 11 12 13 14 15 |
---------------+----------------------------------------------+-----
Dodging        | 3 4 5 6 8 9 |  9.0
Stealth        | 4 5 7 8 |  8.5
Spellcasting   | 4 5 7 8 11 13 15 17 18 20 23 | 23.7
Fire Magic     | 7 9 12 14 15 17 18 19 21 22 | 22.0
Conjurations   | 2 3 5 6 8 9 10 13 17 | 17.7
Fighting       | 1 2 |  2.6
Poison Magic   | 3 4 |  4.1
Hexes          | 2 5 6 |  6.9
Transmutations | 4 |  4.5
Summonings     | 2 7 |  7.6
Ice Magic      | 2 7 8 |  8.5
Invocations    | 4 5 6 7 |  7.6
Translocations | 2 4 5 |  5.0
Air Magic      | 1 |  1.8
Polearms       | |  0.9
Throwing       | |  0.4

Action                     |  1- 3 |  4- 6 |  7- 9 | 10-12 | 13-15 || total
---------------------------+-------+-------+-------+-------+-------++-------
  Melee: Unarmed           |     4 |     2 |       |       |       ||     6
         Constrict         |     1 |     1 |     3 |       |     4 ||     9
         Tentacles         |     1 |       |     5 |       |     6 ||    12
         Spear             |       |       |    12 |       |       ||    12
         Staff             |       |       |       |       |    17 ||    17
  Throw: Javelin           |       |       |     1 |       |       ||     1
   Cast: Scorch            |       |     7 |    24 |    19 |    20 ||    70
         Foxfire           |       |     5 |    15 |    35 |    10 ||    65
         Flame Wave        |       |     1 |     7 |    16 |     9 ||    33
         Inner Flame       |       |       |     1 |    15 |     8 ||    24
         Fireball          |       |       |       |    14 |       ||    14
         Starburst         |       |       |       |    10 |    33 ||    43
         Summon Guardian G |       |       |       |     4 |    10 ||    14
         Ignition          |       |       |       |     4 |    17 ||    21
         Iskenderun's Myst |       |       |       |     3 |    40 ||    43
         Hailstorm         |       |       |       |     1 |     6 ||     7
         Irradiate         |       |       |       |     1 |     1 ||     2
         Mephitic Cloud    |       |       |       |       |     7 ||     7
         Ozocubu's Armour  |       |       |       |       |     7 ||     7
         Stone Arrow       |       |       |       |       |     5 ||     5
         Orb of Destructio |       |       |       |       |    18 ||    18
         Blink             |       |       |       |       |     2 ||     2
         Fire Storm        |       |       |       |       |     3 ||     3
         Dragon's Call     |       |       |       |       |     1 ||     1
 Invoke: Forget Spell      |       |       |       |     1 |     3 ||     4
         Channel Magic     |       |       |       |     4 |     5 ||     9
         Divine Exegesis   |       |       |       |       |     3 ||     3
    Use: Potion            |     2 |     1 |     5 |    11 |    22 ||    41
         Scroll            |       |       |     8 |     2 |     6 ||    16
 Armour: Skin              |       |       |     4 |    42 |    19 ||    65
  Dodge: Dodged            |     1 |     6 |     9 |    27 |    46 ||    89
         Form:             |       |       |       |       |     1 ||     1
         Dragon            |       |       |       |       |     1 ||     1

Table legend: (Time is in decaauts)
 A = Elapsed time spent in this place.
 B = Non-inter-level travel time spent in this place.
 C = Inter-level travel time spent in this place.
 D = Time resting spent in this place.
 E = Time spent auto-exploring this place.
 F = Levels seen in this place.
 G = Mean time per level.
                   A        B        C        D        E       F      G
               +--------+--------+--------+--------+--------+-----+--------+
         Total |   6401 |   6389 |     12 |   3114 |      0 |   1 | 6401.0 |
       Dungeon |   6401 |   6389 |     12 |   3114 |      0 |   1 | 6401.0 |
               +--------+--------+--------+--------+--------+-----+--------+

Top non-repeatable levels by time:
       D: 6401 daAuts
